 Seeded DCSS version 0.31-a0-1570-g93c622d222 (webtiles) character file.

Game seed: 10463392276266972231 (custom seed)

2935 innerfire43 the Nimble (level 9, -6/106 HPs)
             Began as a Demonspawn Monk on Jan 3, 2024.
             Mangled by an ice beast (12 damage)
             ... on level 7 of the Dungeon.
             The game lasted 00:15:04 (9350 turns).

innerfire43 the Nimble (Demonspawn Monk)            Turns: 9350, Time: 00:15:05

Health: -6/106     AC: 24    Str: 16    XL:     9   Next: 51%
Magic:  14/14      EV:  2    Int: 10    God:
Gold:   454        SH:  0    Dex: 16    Spells: 8/8 levels left

rFire   . . .        a - +0 spear
rCold   . . .        d - orb {light}
rNeg    . . .        l - melded +1 robe {Will+}
rPois   +            m - melded +0 helmet
rElec   .            (cloak currently unavailable)
rCorr   .            C - melded +0 pair of gloves
SInv    +            (boots currently unavailable)
Will    .....        (no amulet)
Stlth   +            h - ring of see invisible
HPRegen 0.37/turn    (no ring)
MPRegen 0.14/turn

%: no passive effects
@: tree-form (expiring), glowing
A: stationary, stasis, torment immunity, boosted hp, (claws 1), (slimy green
scales 3), demonic guardian 1, (talons 1), evolution 1
a: no special abilities


You were on level 7 of the Dungeon.
You were a tree.
You visited 1 branch of the dungeon, and saw 7 of its levels.
You also visited: Ossuary.

You collected 454 gold pieces.

Inventory:

Hand Weapons
 a - a +0 spear (weapon)
Armour
 d - an orb of light (worn)
 l - a +1 robe of willpower (melded)
 m - a +0 helmet (melded)
 C - a +0 pair of gloves (melded)
Jewellery
 h - a ring of see invisible (left branch)
Wands
 r - a wand of charming (14)
Scrolls
 b - 3 scrolls of enchant armour {unknown}
 e - a scroll of torment {unknown}
 g - 7 scrolls of teleportation {unknown}
 k - 2 scrolls of vulnerability {unknown}
 o - 2 scrolls of fog {unknown}
 p - 7 scrolls of identify {unknown}
 q - a scroll of silence {unknown}
 x - a scroll of revelation {unknown}
 y - a scroll of enchant weapon {unknown}
 z - a scroll of amnesia {unknown}
 A - a scroll of poison {unknown}
 B - a scroll of brand weapon {unknown}
Potions
 c - a potion of ambrosia
 f - a potion of invisibility {unknown}
 i - a potion of heal wounds
 j - 6 potions of curing
 n - 3 potions of lignification
 s - a potion of attraction {unknown}
 t - 2 potions of brilliance
 v - a potion of magic


   Skills:
 + Level 6.6 Fighting
 + Level 6.1 Polearms
 * Level 8.2 Dodging
 + Level 7.4 Invocations


You had 8 spell levels left.
You didn't know any spells.
Your spell library contained the following spells:

 Spells                   Type           Power      Damage    Failure   Level
 Freeze                   Ice            0%         1d3       36%         1
 Magic Dart               Conj           0%         1d3       36%         1
 Blink                    Tloc           0%         N/A       50%         2
 Call Imp                 Summ           0%         N/A       50%         2
 Frozen Ramparts          Ice            0%         1d1       75%         3
 Hailstorm                Conj/Ice       0%         3d5       75%         3
 Inner Flame              Hex/Fire       0%         N/A       75%         3
 Flame Wave               Conj/Fire      0%         2d4       98%         4
 Sticky Flame             Fire/Alch      0%         2d4       98%         4


Dungeon Overview and Level Annotations

Branches:
Dungeon (7/15)             Temple (0/1) D:6         Ossuary (visited)

Altars:
Dithmenos
Fedhas
Ru

Shops:
D:2 !!*:


Innate Abilities, Weirdness & Mutations

You are a tree.
Your roots penetrate the ground, keeping you stationary.
You cannot be teleported.
You are immune to unholy pain and torment.
Your maximum health is greatly increased.
Your equipment is partially melded.
((You have sharp fingernails.))
((You are completely covered in slimy green scales. (AC +4, rPois)))
A weak demonic guardian rushes to your aid.
((You have sharp toenails.))
You have hidden genetic potential.


Message History

The killer bee is heavily wounded.
The killer bee stings you but does no damage.
The orc completely misses you.
You barely miss the orc.
The orc is severely wounded.
The killer bee stings you but does no damage.
Your quasit barely misses the orc. x3; The killer bee stings you.
* * * LOW HITPOINT WARNING * * *
The orc hits you but does no damage.
You hit the orc.
You kill the orc!
The killer bee stings you.
* * * LOW HITPOINT WARNING * * *
Unknown command.
You puncture the killer bee!
The killer bee is severely wounded.
Your transformation is almost over.
The killer bee stings you but does no damage.
The killer bee barely misses you.
You hit the killer bee.
You kill the killer bee!
The killer bee stings you but does no damage.
You closely miss the killer bee. The killer bee stings you!
* * * LOW HITPOINT WARNING * * *
An ice beast comes into view.
You hit the killer bee.
The killer bee is moderately wounded.
The killer bee stings you but does no damage.
The orc hits you but does no damage.
The killer bee stings you but does no damage.
You hit the killer bee but do no damage.
The killer bee is moderately wounded.
Your quasit disappears in a puff of smoke!
The killer bee stings you but does no damage.
The orc hits you but does no damage.
The killer bee stings you but does no damage.
The ice beast hits you.
* * * LOW HITPOINT WARNING * * *
A demonic guardian appears!
The ice beast freezes you!
You die...

.......#........#....
........#........#....
..#..#...#.............
..........#........#....
..#......#.....yy...#..[.
..............5.§........
............####.###.....
..#......#))##oo.# ....
##..........§♣yy### ...
.....#..#...Y#### ..
#..........5.....
#.......##.......
#.................
#.................
#.................
#...............>.
#####).####......


You could see an orc warrior, an ice beast (ally target), 2 killer bees, an orc
and a friendly ufetubus (summoned, wandering).

Vanquished Creatures
  A black bear (D:7)
  An ice beast (D:6)
  An ogre (D:6)
  A centaur (D:7)
  A phantom (D:4)
  An elf zombie (Ossuary)
  A kobold brigand (D:6)
  3 scorpions (D:4)
  5 wights (D:6)
  A burial acolyte (Ossuary)
  9 killer bees
  2 bombardier beetles
  2 centaur zombies (Ossuary)
  2 hounds (D:4)
  3 orc priests
  3 jellies
  A human zombie (Ossuary)
  Jessica (D:3)
  A sleepcap (D:5)
  Ijyb (D:3)
  Natasha (twice) (D:3)
  2 iguanas (D:5)
  8 orc wizards
  A crocodile zombie (Ossuary)
  3 hound zombies (Ossuary)
  3 mummies (Ossuary)
  Robin (D:3)
  7 adders
  2 white imps
  3 ufetubi
  5 adder zombies (Ossuary)
  4 dart slugs
  2 ribbon worms
  35 orcs
  3 ball pythons
  4 bats
  3 endoplasms
  A giant cockroach (D:3)
  6 hobgoblins
  2 jackals (D:5)
  4 quokkas
  6 ball python zombies (Ossuary)
  6 frilled lizards
  21 goblins
  2 jackal zombies (Ossuary)
  8 kobolds
  4 kobold zombies (Ossuary)
  An orc zombie (Ossuary)
  5 rats
195 creatures vanquished.

Vanquished Creatures (collateral kills)
  An ogre (D:4)
  A scorpion (D:3)
  A killer bee (D:5)
  A centaur zombie (Ossuary)
  An orc priest (D:4)
  An iguana (D:5)
  An orc wizard (D:4)
  Natasha (D:3)
  A killer bee zombie (Ossuary)
  An ufetubus (D:6)
  3 orcs
  A hobgoblin (D:4)
  A gnoll zombie (Ossuary)
15 creatures vanquished.

Grand Total: 210 creatures vanquished

Notes
Turn   | Place    | Note
-------+----------+-------------------------------------------
     0 | D:1      | innerfire43 the Demonspawn Monk began the quest for the
                  | Orb.
     0 | D:1      | Reached XP level 1. HP: 18/18 MP: 1/1
   164 | D:1      | Gained mutation: You are partially covered in slimy green
                  | scales. (AC +2) [demonic ancestry]
   164 | D:1      | Reached XP level 2. HP: 24/24 MP: 2/2
   168 | D:1      | Reached skill level 3 in Dodging
   176 | D:1      | Reached skill level 1 in Invocations
   617 | D:2      | Reached XP level 3. HP: 23/29 MP: 2/4
   811 | D:2      | Found Cinaplo's Distillery.
   903 | D:2      | Found Muamiaqy's Book Shoppe.
  1169 | D:2      | Found Raodweku's General Store.
  1313 | D:2      | Found Jeanep's Distillery.
  1788 | D:3      | Noticed Jessica
  1796 | D:3      | Killed Jessica
  1797 | D:3      | Reached XP level 4. HP: 35/35 MP: 5/5
  1816 | D:3      | Noticed Natasha
  1818 | D:3      | Noticed Robin
  1838 | D:3      | Killed Natasha
  1845 | D:3      | Killed Robin
  1846 | D:3      | Gained mutation: A weak demonic guardian rushes to your
                  | aid. [demonic ancestry]
  1846 | D:3      | Reached XP level 5. HP: 36/37 MP: 6/6
  2024 | D:3      | Reached skill level 4 in Dodging
  2076 | D:3      | Noticed Natasha
  2081 | D:3      | Killed Natasha
  2346 | D:3      | Noticed Ijyb
  2422 | D:3      | Killed Ijyb
  2423 | D:3      | Gained mutation: You have sharp fingernails. [demonic
                  | ancestry]
  2423 | D:3      | Reached XP level 6. HP: 37/48 MP: 8/8
  2684 | D:3      | Noticed Natasha
  2692 | D:3      | Killed Natasha
  3109 | D:4      | Found a shadowy altar of Dithmenos.
  3162 | D:4      | Found a sand-covered staircase.
  3183 | Ossuary  | Entered an ossuary
  3220 | Ossuary  | Reached skill level 5 in Dodging
  3366 | Ossuary  | Gained mutation: You are mostly covered in slimy green
                  | scales. (AC +3) [demonic ancestry]
  3366 | Ossuary  | Reached XP level 7. HP: 48/55 MP: 8/10
  4277 | D:4      | Reached skill level 5 in Fighting
  4283 | D:4      | Reached skill level 6 in Dodging
  4283 | D:4      | Reached skill level 5 in Invocations
  4456 | D:4      | Gained mutation: You are completely covered in slimy green
                  | scales. (AC +4, rPois) [demonic ancestry]
  4456 | D:4      | Reached XP level 8. HP: 62/62 MP: 11/11
  5349 | D:5      | Entered Level 5 of the Dungeon
  5675 | D:5      | Reached skill level 5 in Polearms
  5702 | D:5      | HP: 3/63 [killer bee (6)]
  6077 | D:5      | Reached skill level 7 in Dodging
  7050 | D:6      | Found a sacrificial altar of Ru.
  7336 | D:6      | Reached XP level 9. HP: 62/69 MP: 13/13
  7441 | D:6      | Found a blossoming altar of Fedhas.
  7504 | D:6      | HP: 3/62 [wight/+0 great sword (1)]
  7505 | D:6      | HP: 1/62 [wight/+0 great sword (2)]
  8444 | D:6      | Found a staircase to the Ecumenical Temple.
  8889 | D:6      | Reached skill level 8 in Dodging
  9308 | D:7      | Gained mutation: You have sharp toenails. [potion of
                  | mutation]
  9308 | D:7      | Gained mutation: You have hidden genetic potential. [potion
                  | of mutation]
  9350 | D:7      | Mangled by an ice beast

Illustrated notes

Levels and vault maps discovered:
D:1:      minmay_arrival_shattered_statue, layout_rooms, moated_statue
D:2:      layout_loops_corners, serial_shops, shop, shop, shop, shop,
          corexii_hall_statues_i
D:3:      kennysheep_the_goblin_king, layout_basic,
          nicolae_concentric_dashed_squares_wild, uniq_natasha, uniq_robin,
          uniq_jessica
D:4:      layout_basic, grunt_dithmenos_smoke_and_mirrors,
          lightli_ossuary_entry_decrepit_ruins
D:5:      layout_loops_corners, uniq_ijyb
D:6:      layout_loops_ring, mainiacjoe_overflow_boulevard,
          mainiacjoe_overflow_small_starburst, temple_doors_ab,
          kennysheep_generic_room_12
D:7:      layout_rooms, tso_oasis_becter, minmay_misc_feat_plants,
          roadster_capsule_ark_zombie

Skill      XL: |  1  2  3  4  5  6  7  8  9 |
---------------+----------------------------+-----
Dodging        | 3 4 5 6 7 8 |  8.2
Invocations    | 1 2 3 4 5 6 7 |  7.4
Polearms       | 3 4 5 6 |  6.1
Fighting       | 4 5 6 |  6.6

Action                     |  1- 3 |  4- 6 |  7- 9 || total
---------------------------+-------+-------+-------++-------
  Melee: Spear             |   146 |   269 |  1045 ||  1460
    Use: Potion            |       |     2 |    11 ||    13
   Stab: Distracted        |       |     1 |     1 ||     2
 Armour: Robe              |    55 |   137 |   502 ||   694
         Skin              |       |    60 |   114 ||   174
  Dodge: Dodged            |    85 |   176 |   777 ||  1038

Table legend: (Time is in decaauts)
 A = Elapsed time spent in this place.
 B = Non-inter-level travel time spent in this place.
 C = Inter-level travel time spent in this place.
 D = Time resting spent in this place.
 E = Time spent auto-exploring this place.
 F = Levels seen in this place.
 G = Mean time per level.
                   A        B        C        D        E       F      G
               +--------+--------+--------+--------+--------+-----+--------+
         Total |   9161 |   9033 |    128 |      0 |   6731 |   8 | 1145.1 |
       Dungeon |   8351 |   8223 |    128 |      0 |   6230 |   7 | 1193.0 |
       Ossuary |    809 |    809 |      0 |      0 |    501 |   1 |  809.0 |
               +--------+--------+--------+--------+--------+-----+--------+

Top non-repeatable levels by time:
     D:6: 1930 daAuts
     D:5: 1752 daAuts
     D:4: 1568 daAuts
     D:3: 1355 daAuts
     D:2: 1029 daAuts
 Ossuary: 809 daAuts
     D:1: 522 daAuts
     D:7: 191 daAuts
